[ AOE2 MATCH · #459851470 ]
UnrankedBritons vs Vietnamese
[ REPLAY ANALYSIS · EXTRACTED FROM THE RECORDED GAME ]
Feudal
11:53
Castle
20:26
Imperial
—
| APM avg | 21.1 |
| APM peak | 44 |
| eAPM avg | 12.2 |
| Villagers / military | 71 / 22 |
Focus
⚔️ 14.8% · 🌾 85.2%
Scout Cavalry ×18 · Spearman ×4
Feudal
9:35
Castle
27:47
Imperial
—
| APM avg | 30.8 |
| APM peak | 77 |
| eAPM avg | 14.4 |
| Villagers / military | 68 / 72 |
Focus
⚔️ 25.1% · 🌾 74.9%
Scout Cavalry ×44 · Knight ×15 · Skirmisher ×13
Feudal
11:16
Castle
22:12
Imperial
—
| APM avg | 15.7 |
| APM peak | 44 |
| eAPM avg | 10.3 |
| Villagers / military | 70 / 46 |
Focus
⚔️ 27.6% · 🌾 72.4%
Rattan Archer ×18 · Spearman ×12 · Skirmisher ×7 · Battering Ram ×4 · Archer ×3 · Fire Lancer ×2
Feudal
11:35
Castle
16:35
Imperial
—
| APM avg | 19.9 |
| APM peak | 39 |
| eAPM avg | 13.1 |
| Villagers / military | 87 / 63 |
Focus
⚔️ 19.6% · 🌾 80.4%
Eagle Scout ×35 · Plumed Archer ×15 · Spearman ×13
Feudal
10:51
Castle
20:52
Imperial
—
| APM avg | 26.4 |
| APM peak | 49 |
| eAPM avg | 14.7 |
| Villagers / military | 88 / 52 |
Focus
⚔️ 24.6% · 🌾 75.4%
Skirmisher ×22 · Spearman ×14 · Mangonel ×10 · Camel Scout ×4 · Knight ×2
Feudal
11:55
Castle
23:52
Imperial
—
| APM avg | 28.9 |
| APM peak | 54 |
| eAPM avg | 11.8 |
| Villagers / military | 65 / 84 |
Focus
⚔️ 24.3% · 🌾 75.7%
Scout Cavalry ×81 · Obuch ×3
Match map
Initial resources + every placement click. Lines = walls · curves = elevation contours. ◆ gold · ⬟ stone · ● berries · ✦ relic · ◌ wall gap
Your base· Open — unwalled flank
Mamba24's base· ✓ Closed at 27:47 · 35t walls · 1 gate(s)
Balek's base· Open — unwalled flank
Mathías's base· Open — unwalled flank
Malgus's base· ✓ Closed at 20:52 · 30t walls · 1 gate(s)
Fzz1y's base· ✓ Closed at 23:52 · 12t walls · no gate
Smoothed initial terrain · ◌ = detected wall gap · hover for details
Inputs per minute
— Rodra - - Mamba24
Build order — Rodra
First 150 of 167 actions detected
| 0:01 | Create | Villager (Male) |
| 0:01 | Create | Villager (Male) |
| 0:02 | Create | Villager (Male) |
| 0:02 | Create | Villager (Male) |
| 0:04 | Build | House |
| 0:06 | Build | House |
| 1:25 | Create | Villager (Male) |
| 2:21 | Create | Villager (Male) |
| 2:21 | Create | Villager (Male) |
| 2:51 | Create | Villager (Male) |
| 3:10 | Build | Mill |
| 3:15 | Create | Villager (Male) |
| 3:34 | Create | Villager (Male) |
| 4:19 | Build | House |
| 4:53 | Create | Villager (Male) |
| 5:14 | Create | Villager (Male) |
| 5:47 | Create | Villager (Male) |
| 6:07 | Build | House |
| 6:19 | Create | Villager (Male) |
| 6:20 | Create | Villager (Male) |
| 6:27 | Build | Lumber Camp |
| 6:45 | Create | Villager (Male) |
| 7:28 | Build | House |
| 7:31 | Create | Villager (Male) |
| 8:16 | Create | Villager (Male) |
| 8:16 | Create | Villager (Male) |
| 8:17 | Create | Villager (Male) |
| 8:48 | Build | Farm |
| 8:50 | Build | Farm |
| 8:53 | Build | Farm |
| 8:54 | Build | Farm |
| 9:09 | Build | Farm |
| 9:12 | Build | Farm |
| 9:31 | Build | Mining Camp |
| 9:43 | Research | Feudal Age |
| 10:32 | Build | Barracks |
| 11:01 | Build | House |
| 11:53 | Age | Feudal Age |
| 11:57 | Research | Wheelbarrow |
| 12:00 | Build | Farm |
| 12:02 | Research | Double-Bit Axe |
| 12:04 | Research | Horse Collar |
| 12:11 | Create | Spearman |
| 12:11 | Create | Spearman |
| 12:44 | Create | Spearman |
| 12:48 | Create | Villager (Male) |
| 13:28 | Create | Villager (Male) |
| 13:30 | Create | Villager (Male) |
| 13:39 | Build | Farm |
| 13:41 | Build | Farm |
| 13:57 | Create | Spearman |
| 14:05 | Build | Farm |
| 14:22 | Create | Villager (Male) |
| 14:35 | Build | Blacksmith |
| 14:40 | Build | Market |
| 15:01 | Build | Farm |
| 15:06 | Create | Villager (Male) |
| 15:08 | Create | Villager (Male) |
| 15:10 | Create | Villager (Male) |
| 15:16 | Build | House |
| 15:18 | Build | House |
| 15:34 | Build | Farm |
| 16:05 | Build | Farm |
| 16:14 | Create | Villager (Male) |
| 16:25 | Build | House |
| 16:28 | Build | Mining Camp |
| 16:31 | Build | House |
| 16:39 | Create | Villager (Male) |
| 17:46 | Research | Castle Age |
| 18:05 | Build | House |
| 18:08 | Build | House |
| 18:28 | Build | House |
| 18:34 | Build | House |
| 18:50 | Build | Farm |
| 19:11 | Build | House |
| 19:17 | Build | House |
| 19:18 | Build | House |
| 19:32 | Research | Stone Mining |
| 20:26 | Age | Castle Age |
| 20:29 | Build | Town Center |
| 21:09 | Build | Town Center |
| 21:15 | Research | Hand Cart |
| 22:11 | Research | Pikeman (upgrade) |
| 22:15 | Create | Villager (Male) |
| 22:15 | Create | Villager (Male) |
| 22:16 | Create | Villager (Male) |
| 22:16 | Create | Villager (Male) |
| 22:16 | Create | Villager (Male) |
| 22:17 | Create | Villager (Male) |
| 22:18 | Create | Villager (Male) |
| 22:19 | Create | Villager (Male) |
| 22:36 | Build | House |
| 22:38 | Build | House |
| 22:41 | Build | House |
| 22:54 | Create | Villager (Male) |
| 22:54 | Create | Villager (Male) |
| 22:54 | Create | Villager (Male) |
| 22:55 | Create | Villager (Male) |
| 22:55 | Create | Villager (Male) |
| 22:55 | Create | Villager (Male) |
| 22:56 | Create | Villager (Male) |
| 23:05 | Build | Farm |
| 23:07 | Build | Farm |
| 23:15 | Research | Gold Mining |
| 23:16 | Create | Villager (Male) |
| 23:27 | Build | Farm |
| 23:33 | Build | Farm |
| 23:37 | Build | Farm |
| 23:38 | Create | Villager (Male) |
| 23:39 | Create | Villager (Male) |
| 23:39 | Create | Villager (Male) |
| 23:39 | Create | Villager (Male) |
| 23:49 | Build | Farm |
| 24:00 | Create | Villager (Male) |
| 24:09 | Create | Villager (Male) |
| 24:26 | Build | Mining Camp |
| 24:28 | Create | Villager (Male) |
| 24:28 | Create | Villager (Male) |
| 24:38 | Build | Farm |
| 24:39 | Create | Villager (Male) |
| 24:54 | Research | Bow Saw |
| 25:15 | Create | Villager (Male) |
| 25:21 | Create | Villager (Male) |
| 25:49 | Create | Villager (Male) |
| 25:52 | Build | Farm |
| 26:13 | Build | Farm |
| 26:50 | Build | Castle |
| 26:56 | Create | Villager (Male) |
| 26:57 | Create | Villager (Male) |
| 26:57 | Create | Villager (Male) |
| 26:58 | Create | Villager (Male) |
| 26:58 | Create | Villager (Male) |
| 26:59 | Create | Villager (Male) |
| 26:59 | Create | Villager (Male) |
| 26:59 | Create | Villager (Male) |
| 27:03 | Build | Farm |
| 27:08 | Build | Farm |
| 27:09 | Create | Villager (Male) |
| 27:43 | Build | Stable |
| 27:44 | Build | Stable |
| 27:49 | Create | Villager (Male) |
| 28:33 | Research | Fletching |
| 28:44 | Build | Farm |
| 28:47 | Build | Stable |
| 28:47 | Build | Stable |
| 28:50 | Build | Stable |
| 29:02 | Build | Stable |
| 29:05 | Build | Farm |
| 29:08 | Research | Scale Barding Armor |
| 29:09 | Research | Forging |
Build order — Mamba24
First 150 of 200 actions detected
| 0:00 | Create | Villager (Male) |
| 0:00 | Create | Villager (Male) |
| 0:01 | Create | Villager (Male) |
| 0:01 | Create | Villager (Male) |
| 0:04 | Build | House |
| 0:06 | Build | House |
| 1:35 | Create | Villager (Male) |
| 1:45 | Build | Lumber Camp |
| 2:06 | Create | Villager (Male) |
| 2:06 | Create | Villager (Male) |
| 2:16 | Create | Villager (Male) |
| 2:17 | Create | Villager (Male) |
| 2:48 | Create | Villager (Male) |
| 2:58 | Build | House |
| 3:11 | Research | Loom |
| 3:17 | Create | Villager (Male) |
| 3:17 | Create | Villager (Male) |
| 3:42 | Create | Villager (Male) |
| 3:44 | Create | Villager (Male) |
| 4:08 | Create | Villager (Male) |
| 4:08 | Create | Villager (Male) |
| 4:12 | Build | Mill |
| 4:50 | Create | Villager (Male) |
| 4:50 | Create | Villager (Male) |
| 4:50 | Create | Villager (Male) |
| 5:24 | Create | Villager (Male) |
| 5:43 | Create | Villager (Male) |
| 5:47 | Build | House |
| 6:02 | Research | Loom |
| 6:45 | Create | Villager (Male) |
| 7:25 | Research | Feudal Age |
| 7:32 | Build | Lumber Camp |
| 8:14 | Build | Barracks |
| 8:33 | Create | Villager (Male) |
| 8:38 | Create | Villager (Male) |
| 9:19 | Create | Villager (Male) |
| 9:35 | Age | Feudal Age |
| 9:36 | Build | Stable |
| 9:43 | Create | Villager (Male) |
| 9:49 | Research | Double-Bit Axe |
| 10:06 | Research | Horse Collar |
| 10:08 | Create | Villager (Male) |
| 10:08 | Create | Villager (Male) |
| 10:29 | Build | Farm |
| 10:30 | Build | Farm |
| 10:31 | Build | Farm |
| 10:34 | Build | Farm |
| 10:34 | Build | Farm |
| 10:41 | Create | Villager (Male) |
| 10:41 | Create | Villager (Male) |
| 11:02 | Build | Farm |
| 11:16 | Build | Farm |
| 11:18 | Create | Villager (Male) |
| 11:19 | Create | Villager (Male) |
| 11:19 | Create | Villager (Male) |
| 11:28 | Build | Palisade Wall |
| 11:40 | Create | Scout Cavalry |
| 11:45 | Build | House |
| 11:49 | Create | Villager (Male) |
| 11:49 | Create | Villager (Male) |
| 11:53 | Build | House |
| 11:57 | Build | Palisade Wall |
| 12:13 | Create | Villager (Male) |
| 12:13 | Create | Villager (Male) |
| 12:18 | Build | Farm |
| 12:18 | Build | Farm |
| 12:38 | Build | Palisade Wall |
| 12:40 | Create | Villager (Male) |
| 12:40 | Create | Villager (Male) |
| 12:46 | Build | Palisade Gate |
| 12:54 | Build | Farm |
| 13:01 | Create | Villager (Male) |
| 13:05 | Build | Farm |
| 13:05 | Build | Farm |
| 13:08 | Create | Villager (Male) |
| 13:13 | Build | Farm |
| 13:24 | Create | Villager (Male) |
| 13:24 | Create | Villager (Male) |
| 13:27 | Create | Scout Cavalry |
| 13:40 | Build | House |
| 13:42 | Build | House |
| 13:53 | Build | Farm |
| 13:54 | Create | Scout Cavalry |
| 13:54 | Create | Scout Cavalry |
| 13:57 | Create | Villager (Male) |
| 13:57 | Create | Villager (Male) |
| 14:02 | Build | Farm |
| 14:14 | Build | Farm |
| 14:22 | Create | Villager (Male) |
| 14:41 | Build | House |
| 14:41 | Build | House |
| 14:49 | Build | Palisade Wall |
| 14:54 | Create | Scout Cavalry |
| 14:57 | Create | Villager (Male) |
| 14:58 | Create | Villager (Male) |
| 15:05 | Build | House |
| 15:07 | Build | House |
| 15:09 | Build | House |
| 15:12 | Build | Palisade Wall |
| 15:14 | Create | Villager (Male) |
| 15:18 | Create | Scout Cavalry |
| 15:22 | Build | Farm |
| 15:24 | Create | Villager (Male) |
| 15:46 | Create | Villager (Male) |
| 15:48 | Create | Scout Cavalry |
| 15:50 | Create | Villager (Male) |
| 15:53 | Build | Farm |
| 15:54 | Build | Farm |
| 16:29 | Build | Farm |
| 16:43 | Build | Farm |
| 17:51 | Build | Archery Range |
| 17:52 | Build | Archery Range |
| 18:08 | Build | House |
| 18:22 | Create | Skirmisher |
| 18:22 | Create | Skirmisher |
| 18:23 | Create | Skirmisher |
| 18:23 | Create | Skirmisher |
| 18:23 | Create | Skirmisher |
| 18:23 | Create | Skirmisher |
| 19:16 | Create | Scout Cavalry |
| 19:16 | Create | Scout Cavalry |
| 19:17 | Create | Scout Cavalry |
| 19:17 | Create | Scout Cavalry |
| 19:17 | Create | Scout Cavalry |
| 19:34 | Create | Skirmisher |
| 19:34 | Create | Skirmisher |
| 19:34 | Create | Skirmisher |
| 19:35 | Create | Skirmisher |
| 19:42 | Build | Palisade Wall |
| 20:02 | Create | Scout Cavalry |
| 20:04 | Create | Scout Cavalry |
| 20:07 | Create | Villager (Male) |
| 20:07 | Create | Villager (Male) |
| 20:07 | Create | Villager (Male) |
| 20:07 | Create | Villager (Male) |
| 20:16 | Create | Skirmisher |
| 20:16 | Create | Skirmisher |
| 20:17 | Create | Skirmisher |
| 20:21 | Build | Blacksmith |
| 20:26 | Create | Villager (Male) |
| 20:26 | Create | Villager (Male) |
| 20:44 | Build | Mining Camp |
| 22:00 | Build | Farm |
| 22:00 | Build | Farm |
| 22:01 | Build | Farm |
| 22:47 | Create | Villager (Male) |
| 22:47 | Create | Villager (Male) |
| 22:47 | Create | Villager (Male) |
| 22:48 | Create | Villager (Male) |
| 22:53 | Build | Market |
Build order — Balek
First 150 of 157 actions detected
| 0:03 | Build | House |
| 0:04 | Create | Villager (Male) ×4 |
| 1:19 | Create | Villager (Male) |
| 2:07 | Build | House |
| 2:15 | Create | Villager (Male) |
| 2:15 | Create | Villager (Male) |
| 2:23 | Create | Villager (Male) |
| 2:34 | Build | Lumber Camp |
| 3:10 | Create | Villager (Male) |
| 3:35 | Create | Villager (Male) |
| 3:59 | Create | Villager (Male) |
| 4:20 | Create | Villager (Male) |
| 4:27 | Build | House |
| 4:32 | Build | Mill |
| 5:13 | Create | Villager (Male) |
| 5:14 | Create | Villager (Male) |
| 5:52 | Create | Villager (Male) |
| 6:13 | Create | Villager (Male) |
| 6:19 | Build | House |
| 6:53 | Create | Villager (Male) |
| 7:26 | Create | Villager (Male) |
| 7:26 | Create | Villager (Male) |
| 7:29 | Create | Villager (Male) |
| 8:11 | Build | Farm |
| 8:17 | Create | Villager (Male) |
| 8:17 | Create | Villager (Male) |
| 9:03 | Research | Feudal Age |
| 9:10 | Build | Farm |
| 9:12 | Build | Farm |
| 9:13 | Build | Farm |
| 9:14 | Build | Farm |
| 10:04 | Build | Barracks |
| 10:25 | Create | Villager (Male) |
| 10:25 | Create | Villager (Male) |
| 10:27 | Create | Villager (Male) |
| 10:54 | Build | House |
| 11:16 | Age | Feudal Age |
| 11:17 | Research | Double-Bit Axe |
| 11:19 | Create | Spearman |
| 11:19 | Create | Spearman |
| 11:28 | Build | House |
| 11:38 | Build | Archery Range |
| 12:28 | Create | Spearman |
| 12:28 | Create | Spearman |
| 12:40 | Create | Villager (Male) |
| 12:41 | Create | Villager (Male) |
| 12:50 | Build | Mining Camp |
| 13:01 | Research | Horse Collar |
| 13:05 | Build | Farm |
| 13:06 | Build | Farm |
| 13:15 | Build | House |
| 13:16 | Build | House |
| 13:26 | Build | Farm |
| 13:27 | Build | Farm |
| 14:16 | Create | Villager (Male) |
| 14:16 | Create | Villager (Male) |
| 14:21 | Research | Wheelbarrow |
| 14:26 | Create | Archer |
| 14:26 | Create | Archer |
| 14:27 | Create | Archer |
| 14:30 | Create | Skirmisher |
| 14:30 | Create | Skirmisher |
| 14:31 | Create | Skirmisher |
| 14:40 | Build | Farm |
| 14:41 | Build | Farm |
| 14:42 | Build | Farm |
| 15:08 | Create | Skirmisher |
| 15:08 | Create | Skirmisher |
| 15:17 | Build | Farm |
| 15:18 | Build | Farm |
| 15:19 | Build | Farm |
| 15:43 | Create | Spearman |
| 16:07 | Create | Villager (Male) |
| 16:08 | Create | Villager (Male) |
| 16:18 | Build | Farm |
| 16:18 | Build | Farm |
| 16:21 | Create | Villager (Male) |
| 17:38 | Research | Loom |
| 18:36 | Create | Villager (Male) |
| 18:36 | Create | Villager (Male) |
| 18:44 | Build | Blacksmith |
| 19:32 | Research | Castle Age |
| 19:41 | Build | Mining Camp |
| 19:55 | Create | Spearman |
| 19:55 | Create | Spearman |
| 19:56 | Create | Spearman |
| 20:32 | Research | Gold Mining |
| 20:34 | Research | Stone Mining |
| 21:40 | Create | Spearman |
| 21:41 | Create | Spearman |
| 21:41 | Create | Spearman |
| 21:58 | Create | Spearman |
| 21:59 | Create | Skirmisher |
| 22:00 | Create | Skirmisher |
| 22:12 | Age | Castle Age |
| 23:55 | Create | Villager (Male) |
| 23:55 | Create | Villager (Male) |
| 23:55 | Create | Villager (Male) |
| 24:45 | Build | Town Center |
| 24:55 | Create | Villager (Male) |
| 24:55 | Create | Villager (Male) |
| 24:55 | Create | Villager (Male) |
| 25:53 | Create | Villager (Male) |
| 26:02 | Build | Lumber Camp |
| 26:04 | Create | Villager (Male) ×5 |
| 27:01 | Build | Castle |
| 27:08 | Build | University |
| 27:27 | Create | Fire Lancer |
| 27:27 | Create | Fire Lancer |
| 27:32 | Create | Villager (Male) ×5 |
| 27:37 | Create | Villager (Male) ×5 |
| 28:04 | Research | Bow Saw |
| 28:06 | Research | Heavy Plow |
| 28:09 | Research | Treadmill Crane |
| 28:57 | Build | House |
| 29:17 | Create | Rattan Archer |
| 29:18 | Create | Rattan Archer |
| 29:18 | Create | Rattan Archer |
| 29:24 | Build | House |
| 29:28 | Research | Murder Holes |
| 29:29 | Research | Ballistics |
| 30:14 | Build | Town Center |
| 30:18 | Create | Villager (Male) |
| 30:18 | Create | Villager (Male) |
| 30:19 | Create | Villager (Male) |
| 30:19 | Create | Villager (Male) |
| 30:25 | Research | Town Watch |
| 30:55 | Build | Siege Workshop |
| 30:56 | Build | Siege Workshop |
| 31:22 | Create | Villager (Male) |
| 31:25 | Create | Villager (Male) |
| 31:25 | Create | Villager (Male) |
| 31:31 | Research | Fletching |
| 31:44 | Create | Rattan Archer |
| 31:44 | Create | Rattan Archer |
| 31:44 | Create | Rattan Archer |
| 31:45 | Create | Rattan Archer |
| 31:46 | Create | Rattan Archer |
| 32:16 | Create | Battering Ram |
| 32:17 | Create | Battering Ram |
| 32:18 | Create | Battering Ram |
| 32:18 | Create | Battering Ram |
| 32:26 | Create | Villager (Male) ×5 |
| 32:49 | Build | Farm |
| 32:54 | Create | Villager (Male) |
| 32:54 | Create | Villager (Male) |
| 33:12 | Research | Padded Archer Armor |
| 33:16 | Create | Rattan Archer ×5 |
| 34:15 | Build | House |
| 34:16 | Build | House |
Build order — Mathías
First 150 of 197 actions detected
| 0:04 | Create | Villager (Male) |
| 0:04 | Create | Villager (Male) |
| 0:04 | Create | Villager (Male) |
| 0:17 | Build | House |
| 0:19 | Build | House |
| 1:29 | Create | Villager (Male) |
| 1:29 | Create | Villager (Male) |
| 2:40 | Create | Villager (Male) |
| 2:41 | Create | Villager (Male) |
| 2:48 | Build | Lumber Camp |
| 3:25 | Build | House |
| 4:06 | Create | Villager (Male) |
| 4:06 | Create | Villager (Male) |
| 4:07 | Create | Villager (Male) |
| 4:07 | Create | Villager (Male) |
| 5:07 | Build | Mill |
| 5:55 | Create | Villager (Male) |
| 5:55 | Create | Villager (Male) |
| 5:56 | Create | Villager (Male) |
| 5:56 | Create | Villager (Male) |
| 5:57 | Create | Villager (Male) |
| 6:27 | Create | Villager (Male) |
| 6:27 | Create | Villager (Male) |
| 7:02 | Create | Villager (Male) |
| 7:02 | Create | Villager (Male) |
| 7:23 | Create | Villager (Male) |
| 7:23 | Create | Villager (Male) |
| 7:23 | Create | Villager (Male) |
| 7:41 | Build | House |
| 7:45 | Create | Villager (Male) |
| 9:19 | Build | Mining Camp |
| 9:23 | Research | Feudal Age |
| 9:33 | Create | Villager (Male) |
| 9:33 | Create | Villager (Male) |
| 10:30 | Build | Farm |
| 10:30 | Build | Farm |
| 10:31 | Build | Farm |
| 10:32 | Build | Farm |
| 11:35 | Age | Feudal Age |
| 11:41 | Build | Market |
| 11:47 | Build | Blacksmith |
| 12:34 | Build | Barracks |
| 13:01 | Build | Farm |
| 13:01 | Build | Farm |
| 13:55 | Research | Castle Age |
| 14:01 | Build | Farm |
| 14:01 | Build | Farm |
| 14:18 | Create | Spearman |
| 14:30 | Build | House |
| 14:32 | Build | House |
| 14:33 | Build | House |
| 15:08 | Build | Barracks |
| 15:12 | Build | House |
| 15:31 | Build | Palisade Wall |
| 15:37 | Build | Palisade Gate |
| 15:47 | Build | House |
| 15:51 | Research | Double-Bit Axe |
| 16:25 | Build | House |
| 16:35 | Age | Castle Age |
| 16:50 | Create | Villager (Male) |
| 16:50 | Create | Villager (Male) |
| 16:51 | Create | Villager (Male) |
| 16:51 | Create | Villager (Male) |
| 16:51 | Create | Villager (Male) |
| 16:51 | Create | Villager (Male) |
| 16:52 | Create | Villager (Male) |
| 16:52 | Create | Villager (Male) |
| 17:06 | Build | Lumber Camp |
| 17:47 | Build | Palisade Wall |
| 17:57 | Build | Town Center |
| 17:59 | Create | Villager (Male) |
| 18:00 | Create | Villager (Male) |
| 18:00 | Create | Villager (Male) |
| 18:00 | Create | Villager (Male) |
| 18:11 | Create | Spearman ×3 |
| 18:11 | Create | Spearman ×3 |
| 18:22 | Build | Palisade Wall |
| 18:38 | Build | Palisade Wall |
| 18:44 | Build | Palisade Wall |
| 18:51 | Build | Palisade Gate |
| 19:09 | Create | Villager (Male) |
| 19:09 | Create | Villager (Male) |
| 19:09 | Create | Villager (Male) |
| 20:01 | Build | Farm |
| 20:08 | Research | Bow Saw |
| 20:16 | Build | Farm |
| 20:16 | Build | Farm |
| 20:16 | Build | Farm |
| 20:34 | Build | Palisade Wall |
| 20:39 | Create | Villager (Male) |
| 21:12 | Create | Villager (Male) |
| 21:12 | Create | Villager (Male) |
| 21:12 | Create | Villager (Male) |
| 21:20 | Build | Town Center |
| 21:38 | Build | Palisade Gate |
| 21:45 | Build | Town Center |
| 21:53 | Build | Farm |
| 21:53 | Build | Farm |
| 22:01 | Build | Farm |
| 22:15 | Create | Spearman ×5 |
| 22:15 | Create | Spearman |
| 22:50 | Build | Town Center |
| 23:07 | Create | Villager (Male) |
| 23:07 | Create | Villager (Male) |
| 23:08 | Create | Villager (Male) |
| 23:08 | Create | Villager (Male) |
| 23:42 | Create | Villager (Male) |
| 23:43 | Create | Villager (Male) |
| 23:43 | Create | Villager (Male) |
| 23:44 | Create | Villager (Male) |
| 24:00 | Build | Farm |
| 24:00 | Build | Farm |
| 24:00 | Build | Farm |
| 24:01 | Build | Farm |
| 24:01 | Build | Farm |
| 24:01 | Build | Farm |
| 24:04 | Build | Farm |
| 24:05 | Build | Farm |
| 24:23 | Research | Squires |
| 24:26 | Research | Pikeman (upgrade) |
| 24:42 | Create | Villager (Male) |
| 24:42 | Create | Villager (Male) |
| 24:43 | Create | Villager (Male) |
| 24:55 | Create | Villager (Male) |
| 24:55 | Create | Villager (Male) |
| 25:03 | Build | Mining Camp |
| 25:13 | Research | Squires |
| 25:21 | Create | Villager (Male) |
| 25:22 | Create | Villager (Male) |
| 25:37 | Create | Villager (Male) |
| 25:47 | Create | Villager (Male) |
| 25:47 | Create | Villager (Male) |
| 25:49 | Create | Villager (Male) |
| 26:35 | Build | House |
| 26:36 | Build | House |
| 26:36 | Build | House |
| 26:37 | Build | House |
| 26:59 | Research | Horse Collar |
| 27:02 | Research | Wheelbarrow |
| 27:05 | Create | Villager (Male) |
| 27:05 | Create | Villager (Male) |
| 27:05 | Create | Villager (Male) |
| 27:05 | Create | Villager (Male) |
| 27:06 | Create | Villager (Male) |
| 27:23 | Build | Mining Camp |
| 27:37 | Research | Forging |
| 28:08 | Build | Town Center |
| 29:41 | Build | Barracks |
| 29:42 | Build | Barracks |
| 30:02 | Research | Eagle Warrior (upgrade) |
Build order — Malgus
First 150 of 227 actions detected
| 0:01 | Create | Villager (Male) |
| 0:02 | Create | Villager (Male) |
| 0:04 | Build | House |
| 0:04 | Build | House |
| 1:19 | Create | Villager (Male) |
| 1:19 | Create | Villager (Male) |
| 1:43 | Create | Villager (Male) |
| 2:05 | Create | Villager (Male) |
| 2:32 | Create | Villager (Male) |
| 2:41 | Build | Lumber Camp |
| 3:03 | Create | Villager (Male) |
| 3:22 | Create | Villager (Male) |
| 4:09 | Create | Villager (Male) |
| 4:48 | Create | Villager (Male) |
| 4:56 | Build | House |
| 5:01 | Research | Loom |
| 5:34 | Create | Villager (Male) |
| 6:00 | Create | Villager (Male) |
| 6:08 | Build | Mill |
| 6:09 | Create | Villager (Male) |
| 6:22 | Create | Villager (Male) |
| 7:00 | Create | Villager (Male) |
| 7:23 | Create | Villager (Male) |
| 7:28 | Build | House |
| 7:49 | Create | Villager (Male) |
| 8:14 | Create | Villager (Male) |
| 8:17 | Research | Feudal Age |
| 8:24 | Build | Farm |
| 8:28 | Build | Farm |
| 8:48 | Build | Farm |
| 8:52 | Create | Villager (Male) |
| 9:00 | Build | House |
| 9:18 | Create | Villager (Male) |
| 9:22 | Build | Farm |
| 9:44 | Build | Farm |
| 9:57 | Build | Farm |
| 10:00 | Build | House |
| 10:07 | Build | Palisade Wall |
| 10:37 | Create | Villager (Male) |
| 10:51 | Age | Feudal Age |
| 10:54 | Research | Double-Bit Axe |
| 11:37 | Build | Barracks |
| 12:09 | Create | Villager (Male) |
| 12:09 | Create | Villager (Male) |
| 12:19 | Create | Spearman |
| 12:20 | Create | Spearman |
| 12:39 | Build | Farm |
| 12:54 | Build | Blacksmith |
| 12:57 | Create | Villager (Male) |
| 13:14 | Create | Spearman |
| 13:22 | Create | Villager (Male) |
| 13:44 | Build | Archery Range |
| 13:55 | Create | Villager (Male) |
| 13:57 | Build | House |
| 14:03 | Build | House |
| 14:08 | Create | Villager (Male) |
| 14:16 | Create | Skirmisher |
| 14:17 | Create | Skirmisher |
| 14:17 | Create | Skirmisher |
| 14:20 | Create | Villager (Male) |
| 14:47 | Create | Villager (Male) |
| 14:58 | Build | Mining Camp |
| 15:01 | Create | Villager (Male) |
| 15:21 | Research | Horse Collar |
| 15:21 | Research | Horse Collar |
| 15:42 | Build | Palisade Wall |
| 15:50 | Create | Skirmisher |
| 15:51 | Create | Skirmisher |
| 15:56 | Create | Villager (Male) |
| 15:57 | Create | Villager (Male) |
| 16:13 | Create | Villager (Male) |
| 16:28 | Build | Farm |
| 16:36 | Build | House |
| 16:37 | Build | House |
| 16:45 | Create | Skirmisher |
| 16:57 | Build | House |
| 17:04 | Build | House |
| 17:45 | Build | House |
| 17:48 | Build | House |
| 18:12 | Research | Castle Age |
| 18:14 | Build | Farm |
| 18:14 | Build | Farm |
| 18:14 | Build | Farm |
| 18:26 | Build | Palisade Gate |
| 18:31 | Build | Palisade Gate |
| 18:39 | Build | Palisade Wall |
| 18:46 | Build | House |
| 18:54 | Build | Palisade Wall |
| 19:04 | Build | Palisade Wall |
| 19:13 | Create | Villager (Male) |
| 19:16 | Build | Farm |
| 19:26 | Create | Villager (Male) |
| 19:29 | Build | Farm |
| 19:32 | Research | Padded Archer Armor |
| 19:35 | Research | Fletching |
| 19:40 | Create | Skirmisher |
| 19:40 | Create | Skirmisher |
| 19:40 | Create | Skirmisher |
| 20:07 | Create | Skirmisher |
| 20:08 | Create | Skirmisher |
| 20:19 | Build | House |
| 20:27 | Create | Villager (Male) |
| 20:28 | Create | Villager (Male) |
| 20:32 | Research | Gold Mining |
| 20:52 | Age | Castle Age |
| 21:08 | Build | Town Center |
| 21:38 | Research | Stone Mining |
| 21:40 | Create | Villager (Male) |
| 21:40 | Create | Villager (Male) |
| 21:54 | Build | Farm |
| 22:03 | Research | Leather Archer Armor |
| 22:54 | Create | Villager (Male) |
| 23:20 | Build | Siege Workshop |
| 23:33 | Research | Elite Skirmisher (upgrade) |
| 23:44 | Create | Villager (Male) |
| 23:45 | Create | Villager (Male) |
| 23:47 | Create | Villager (Male) |
| 23:47 | Create | Villager (Male) |
| 23:48 | Create | Villager (Male) |
| 23:57 | Create | Villager (Male) |
| 24:13 | Research | Bodkin Arrow |
| 24:24 | Create | Villager (Male) |
| 24:25 | Create | Villager (Male) |
| 24:33 | Build | Farm |
| 24:45 | Create | Mangonel |
| 24:45 | Create | Mangonel |
| 25:18 | Research | Pikeman (upgrade) |
| 25:20 | Create | Skirmisher |
| 25:20 | Create | Skirmisher |
| 25:20 | Create | Skirmisher |
| 25:34 | Build | Town Center |
| 25:37 | Create | Villager (Male) |
| 25:37 | Create | Villager (Male) |
| 25:47 | Build | Farm |
| 25:51 | Create | Villager (Male) |
| 25:52 | Create | Villager (Male) |
| 25:59 | Create | Mangonel |
| 25:59 | Create | Mangonel |
| 26:08 | Create | Spearman |
| 26:09 | Create | Spearman |
| 26:09 | Create | Spearman |
| 26:14 | Create | Skirmisher |
| 26:14 | Create | Skirmisher |
| 26:18 | Create | Villager (Male) |
| 26:19 | Create | Villager (Male) |
| 26:42 | Create | Villager (Male) |
| 26:42 | Create | Villager (Male) |
| 27:32 | Create | Mangonel |
| 27:43 | Create | Spearman |
| 27:43 | Create | Spearman |
Build order — Fzz1y
First 150 of 189 actions detected
| 0:03 | Build | House |
| 0:05 | Build | House |
| 0:08 | Create | Villager (Male) |
| 0:08 | Create | Villager (Male) |
| 0:35 | Create | Villager (Male) |
| 1:20 | Create | Villager (Male) |
| 1:34 | Create | Villager (Male) |
| 2:17 | Create | Villager (Male) |
| 2:19 | Create | Villager (Male) |
| 3:09 | Create | Villager (Male) |
| 3:24 | Create | Villager (Male) |
| 3:44 | Build | Lumber Camp |
| 4:07 | Create | Villager (Male) |
| 4:45 | Create | Villager (Male) |
| 4:52 | Build | House |
| 5:09 | Create | Villager (Male) |
| 5:29 | Create | Villager (Male) |
| 5:58 | Create | Villager (Male) |
| 6:20 | Create | Villager (Male) |
| 6:43 | Build | House |
| 6:50 | Build | Mill |
| 6:59 | Create | Villager (Male) |
| 7:52 | Create | Villager (Male) |
| 7:52 | Create | Villager (Male) |
| 8:23 | Build | House |
| 8:57 | Create | Villager (Male) |
| 8:57 | Create | Villager (Male) |
| 9:04 | Build | House |
| 9:44 | Research | Feudal Age |
| 10:10 | Build | Barracks |
| 10:20 | Build | House |
| 10:22 | Build | House |
| 10:30 | Create | Villager (Male) |
| 11:13 | Build | House |
| 11:34 | Build | Farm |
| 11:34 | Build | Farm |
| 11:47 | Build | Palisade Wall |
| 11:49 | Create | Villager (Male) |
| 11:55 | Age | Feudal Age |
| 11:55 | Build | House |
| 11:59 | Create | Villager (Male) |
| 11:59 | Create | Villager (Male) |
| 12:07 | Build | Stone Wall |
| 12:18 | Create | Villager (Male) |
| 12:24 | Build | House |
| 13:01 | Build | House |
| 13:24 | Build | Palisade Wall |
| 13:35 | Build | Stable |
| 13:51 | Build | Lumber Camp |
| 13:57 | Create | Villager (Male) |
| 14:10 | Build | Farm |
| 14:25 | Build | House |
| 14:28 | Build | House |
| 14:36 | Create | Villager (Male) |
| 14:39 | Build | Farm |
| 14:45 | Build | Farm |
| 14:45 | Build | Farm |
| 15:10 | Create | Villager (Male) |
| 15:16 | Build | Farm |
| 15:22 | Create | Villager (Male) |
| 15:28 | Create | Scout Cavalry |
| 15:28 | Create | Scout Cavalry |
| 15:42 | Build | Blacksmith |
| 15:53 | Build | Stone Wall |
| 16:00 | Build | Mining Camp |
| 16:01 | Create | Villager (Male) |
| 16:09 | Build | Mill |
| 16:24 | Create | Scout Cavalry |
| 16:25 | Create | Scout Cavalry |
| 16:33 | Build | Farm |
| 16:33 | Build | Farm |
| 16:33 | Build | Farm |
| 16:33 | Build | Farm |
| 16:34 | Build | Farm |
| 16:36 | Build | Farm |
| 16:40 | Create | Villager (Male) |
| 16:40 | Create | Villager (Male) |
| 17:23 | Create | Scout Cavalry |
| 17:23 | Create | Scout Cavalry |
| 17:35 | Build | Mining Camp |
| 17:36 | Create | Villager (Male) |
| 17:36 | Create | Villager (Male) |
| 17:50 | Build | Farm |
| 17:54 | Build | Farm |
| 17:56 | Create | Villager (Male) |
| 18:23 | Research | Scale Barding Armor |
| 18:31 | Create | Scout Cavalry |
| 18:31 | Create | Scout Cavalry |
| 18:31 | Create | Scout Cavalry |
| 18:57 | Create | Villager (Male) |
| 18:57 | Create | Villager (Male) |
| 19:51 | Create | Villager (Male) |
| 19:52 | Create | Villager (Male) |
| 19:56 | Build | Farm |
| 20:00 | Build | Farm |
| 20:03 | Create | Villager (Male) |
| 20:03 | Create | Villager (Male) |
| 20:44 | Build | Mill |
| 20:46 | Create | Villager (Male) |
| 21:05 | Build | Farm |
| 21:09 | Research | Castle Age |
| 21:28 | Build | Farm |
| 21:32 | Build | Farm |
| 21:40 | Build | Farm |
| 21:46 | Create | Scout Cavalry |
| 21:46 | Create | Scout Cavalry |
| 21:46 | Create | Scout Cavalry |
| 22:55 | Build | Stable |
| 23:46 | Create | Scout Cavalry ×5 |
| 23:46 | Create | Scout Cavalry ×5 |
| 23:52 | Age | Castle Age |
| 23:56 | Research | Light Cavalry (upgrade) |
| 23:58 | Research | Husbandry |
| 24:22 | Build | Lumber Camp |
| 24:27 | Create | Villager (Male) |
| 24:27 | Create | Villager (Male) |
| 24:27 | Create | Villager (Male) |
| 24:28 | Research | Horse Collar |
| 24:58 | Create | Villager (Male) |
| 25:00 | Research | Heavy Plow |
| 25:01 | Research | Double-Bit Axe |
| 25:10 | Research | Bloodlines |
| 25:16 | Create | Scout Cavalry ×5 |
| 25:16 | Create | Scout Cavalry |
| 25:28 | Build | Farm |
| 25:30 | Build | Farm |
| 25:47 | Build | Gate |
| 25:56 | Create | Scout Cavalry |
| 25:57 | Create | Scout Cavalry |
| 25:57 | Create | Scout Cavalry |
| 25:59 | Create | Villager (Male) |
| 26:00 | Create | Villager (Male) |
| 26:12 | Build | Farm |
| 26:20 | Create | Villager (Male) |
| 26:40 | Build | Farm |
| 26:43 | Build | Farm |
| 26:46 | Create | Villager (Male) |
| 26:46 | Create | Villager (Male) |
| 27:48 | Research | Chain Barding Armor |
| 27:48 | Research | Forging |
| 28:06 | Build | Mill |
| 28:09 | Create | Scout Cavalry ×5 |
| 28:09 | Create | Scout Cavalry ×5 |
| 28:09 | Create | Scout Cavalry ×4 |
| 28:32 | Create | Villager (Male) |
| 28:33 | Create | Villager (Male) |
| 28:33 | Create | Villager (Male) |
| 28:36 | Build | Farm |
| 28:36 | Build | Farm |
| 28:36 | Build | Farm |
Match timeline
| 8:14 | Mamba24 · first_building Barracks |
| 9:35 | Mamba24 · age_up feudal |
| 9:36 | Mamba24 · first_building Stable |
| 10:04 | Balek · first_building Barracks |
| 10:07 | Malgus · wall_segment Palisade Wall x4 |
| 10:10 | Fzz1y · first_building Barracks |
| 10:32 | Rodra · first_building Barracks |
| 10:51 | Malgus · age_up feudal |
| 11:16 | Balek · age_up feudal |
| 11:28 | Mamba24 · wall_segment Palisade Wall x7 |
| 11:35 | Mathías · age_up feudal |
| 11:37 | Malgus · first_building Barracks |
| 11:38 | Balek · first_building Archery Range |
| 11:47 | Fzz1y · wall_segment Palisade Wall x1 |
| 11:53 | Rodra · age_up feudal |
| 11:55 | Fzz1y · age_up feudal |
| 11:57 | Mamba24 · wall_segment Palisade Wall x1 |
| 12:07 | Fzz1y · wall_segment Stone Wall x1 |
| 12:34 | Mathías · first_building Barracks |
| 12:38 | Mamba24 · wall_segment Palisade Wall x13 |
| 13:24 | Fzz1y · wall_segment Palisade Wall x9 |
| 13:35 | Fzz1y · first_building Stable |
| 13:44 | Malgus · first_building Archery Range |
| 14:49 | Mamba24 · wall_segment Palisade Wall x12 |
| 15:12 | Mamba24 · wall_segment Palisade Wall x2 |
| 15:31 | Mathías · wall_segment Palisade Wall x10 |
| 15:42 | Malgus · wall_segment Palisade Wall x10 |
| 15:53 | Fzz1y · wall_segment Stone Wall x1 |
| 16:35 | Mathías · age_up castle |
| 17:18 | Mathías · first_market_buy 100 wood |
| 17:47 | Mathías · wall_segment Palisade Wall x6 |
| 17:51 | Mamba24 · first_building Archery Range |
| 18:22 | Mathías · wall_segment Palisade Wall x9 |
| 18:38 | Mathías · wall_segment Palisade Wall x8 |
| 18:39 | Malgus · wall_segment Palisade Wall x1 |
| 18:44 | Mathías · wall_segment Palisade Wall x6 |
| 18:54 | Malgus · wall_segment Palisade Wall x1 |
| 19:04 | Malgus · wall_segment Palisade Wall x14 |
| 19:42 | Mamba24 · wall_segment Palisade Wall x1 |
| 20:26 | Rodra · age_up castle |
| 20:34 | Mathías · wall_segment Palisade Wall x4 |
| 20:52 | Malgus · age_up castle |
| 22:12 | Balek · age_up castle |
| 23:20 | Malgus · first_building Siege Workshop |
| 23:52 | Fzz1y · age_up castle |
| 25:12 | Mamba24 · first_market_sell 500 wood |
| 26:50 | Rodra · first_building Castle |
| 27:01 | Balek · first_building Castle |
| 27:43 | Rodra · first_building Stable |
| 27:47 | Mamba24 · age_up castle |
| 30:24 | Fzz1y · first_building Castle |
| 30:55 | Balek · first_building Siege Workshop |
| 31:39 | Mamba24 · wall_segment Palisade Wall x1 |
| 33:13 | Malgus · first_building Stable |
| 33:20 | Mathías · first_building Castle |
| 34:44 | Mathías · first_market_sell 500 wood |
| 35:16 | Malgus · first_building Castle |
| 36:15 | Mamba24 · resign |
[ AI ANALYSIS · 1 CREDIT ]
What really happened in this match?
Wolo.gg analyzes every decision: build order, eco, micro, common mistakes by bracket. Personalized analysis on WhatsApp or Discord in 30 seconds.
Civ guide
Britons
Perfil
Jugador #890725